AoeStats
← A pelubi

Arabia

510226572Analyzed
1v1 RM · 1d ago on Sep 30, 2026· 40m 7s· 2 players
Game mode
Random Map
Map size
Tiny (2 player)
Population
200
Speed
Normal
Resources
Standard
Victory
Conquest
Starting age
Dark Age
Ending age
Imperial Age
RankedLock teamsTeams togetherTeam positionsShared explorationLock speedFull tech treeHidden civsTurbo modeCheats
Victory
Defeat
🇦🇷 Franks · Argentina
1034
+17
🇧🇴 Gurjaras · Bolivia
1063
-17
Fceras12
7:50 Loom
10:10 Feudal Age
10:41 Town Watch
11:34 Wheelbarrow
10:46 Town Watch
10:52 Double-Bit Axe
11:29 Town Watch
19:19 Bloodlines
24:49 Castle Age
23:53 Horse Collar
24:25 Gold Mining
25:36 Forging
25:32 Scale Barding Armor
25:52 Town Patrol
26:23 Husbandry
26:33 Elite Skirmisher
27:46 Fletching
28:51 Hand Cart
30:27 Iron Casting
30:32 Bow Saw
31:52 Bodkin Arrow
32:04 Padded Archer Armor
A pelubi
5:52 Loom
6:56 Loom
9:34 Feudal Age
11:17 Double-Bit Axe
22:40 Castle Age
20:36 Gold Mining
21:45 Fletching
23:01 Crossbowman
23:43 Padded Archer Armor
24:12 Husbandry
26:11 Bow Saw
30:48 Gold Shaft Mining
32:33 Scale Barding Armor
32:38 Forging
34:24 Bodkin Arrow
34:52 Ballistics
37:06 Iron Casting
38:52 Wheelbarrow
41:19 Imperial Age
39:46 Stone Mining
Connection lost

Rejoining the realm…

Still unreachable

The connection could not be restored.

Session expired

The server has moved on; the page needs a fresh start.